 Dungeon Crawl Stone Soup version 0.25-a0-424-g80bd347ae0 (webtiles) character file.

Game seed: 3685556409498893672, levelgen mode: deterministic

513 Hasart the Shield-Bearer (level 7, -7/55 HPs)
             Began as a Formicid Fighter on Jan 20, 2020.
             Was a Follower of Okawaru.
             Mangled by a wraith (10 damage)
             ... in an ossuary.
             The game lasted 00:07:43 (3886 turns).

Hasart the Shield-Bearer (Formicid Fighter)         Turns: 3886, Time: 00:07:44

Health: -7/55      AC:  7    Str: 21    XL:     7   Next: 43%
Magic:  7/7        EV:  8    Int: 12    God:    Okawaru [*.....]
Gold:   214        SH: 10    Dex: 17    Spells: 6/6 levels left

rFire    + . .     SeeInvis +   a - +0 war axe
rCold    . . .     Gourm    .   c - +0 shield
rNeg     . . .     Faith    .   b - +0 scale mail
rPois    .         Spirit   .   (helmet unavailable)
rElec    .         Reflect  .   (no cloak)
rCorr    .         Harm     .   (no gloves)
MR       .....                  (no boots)
Stlth    ..........             (no amulet)
HPRegen  0.18/turn              n - ring of teleportation (curse)
MPRegen  0.10/turn              u - ring "Joaj" {rF+ Int+3 Dex+7}

@: no status effects
A: permanent stasis, dig shafts and tunnels, four strong arms, antennae 3
a: Dig, Shaft Self, Heroism, Renounce Religion


You were in an ossuary.
You worshipped Okawaru.
Okawaru was aware of your devotion.
You were not hungry.

You visited 1 branch of the dungeon, and saw 5 of its levels.
You also visited: Ossuary.

You collected 214 gold pieces.

Inventory:

Hand Weapons
 a - a +0 war axe (weapon)
 r - a +1 morningstar of protection
Armour
 b - a +0 scale mail (worn)
 c - a +0 shield (worn)
Jewellery
 n - a cursed ring of teleportation (left hand)
 u - the ring "Joaj" (right hand) {rF+ Int+3 Dex+7}
   (You found it on level 4 of the Dungeon)

   [ring of intelligence]

   It affects your intelligence (+3).
   It affects your dexterity (+7).
   It protects you from fire.
 w - an uncursed ring of magical power {unknown}
 x - a +2 ring of evasion {unknown}
Scrolls
 e - 2 scrolls of fear {unknown}
 i - 5 scrolls of remove curse {unknown}
 j - a scroll of blinking {unknown}
 k - a scroll of enchant weapon {unknown}
 l - 4 scrolls of enchant armour {unknown}
 m - 3 scrolls of random uselessness {unknown}
 o - 5 scrolls of identify {unknown}
 p - a scroll of teleportation {unknown}
 v - a scroll of magic mapping {unknown}
 y - a scroll of noise {unknown}
 z - a scroll of fog {unknown}
Potions
 d - 4 potions of might
 g - a potion of flight {unknown}
 h - a potion of haste {unknown}
 q - 2 potions of curing
 s - a potion of magic {unknown}
 t - a potion of lignification {unknown}
 A - a potion of agility {unknown}
Comestibles
 f - 5 rations


   Skills:
 + Level 4.9 Fighting
 * Level 5.0 Axes
 + Level 4.8 Armour
 + Level 5.3 Shields


You had 6 spell levels left.
You didn't know any spells.
Your spell library contained the following spells:

 Spells                   Type           Power        Failure   Level  Hunger
 Confusing Touch          Hex            #.......     99%         3    ####...
 Gell's Gravitas          Tloc           #.........   99%         3    ####...
 Petrify                  Tmut/Erth      #.......     100%        4    #####..
 Metabolic Englaciation   Hex/Ice        #.........   100%        5    ######.
 Yara's Violent Unravell  Hex/Tmut       #.........   100%        5    ######.


Dungeon Overview and Level Annotations

Branches:
Dungeon (5/15)            Ossuary (1/1)
 Temple: D:4-7

Altars:
Hepliaklqana
Okawaru


Innate Abilities, Weirdness & Mutations

You cannot be hasted, slowed, berserked, paralysed or teleported.
You can dig through walls and to a lower floor.
Your four strong arms can wield two-handed weapons with a shield.
You have a pair of large antennae on your head. (SInv)


Message History

The wraith is almost destroyed.
The wraith barely misses you.
Unknown command.
That item cannot be evoked!
You hit the wraith.
The wraith is almost destroyed.
You block the wraith's attack. The wraith hits you but does no damage.
Unknown command.
You hit the wraith but do no damage.
The wraith is almost destroyed.
You block the wraith's attack.
Unknown command.
You closely miss the wraith.
The wraith is almost destroyed.
You block the wraith's attack. x2
Unknown command.
You hit the wraith but do no damage.
The wraith is almost destroyed.
The wraith hits you!
You die...

#...............#
##.###../!?..###.#
.'.#z#..?/?..#z#.#
##.###..!/!..###.#
#...............#
#.###..###..###.#
#.#.#..#z#..#.#.#
#.'##..###..##W.#
#..............@#
#################


You could see a wraith.

Vanquished Creatures
  A wraith (Ossuary)
  3 wights (Ossuary)
  2 orc priests (D:3)
  An iguana (D:5)
  A hound skeleton (D:5)
  5 adders
  An ooze (D:3)
  2 adder zombies (Ossuary)
  2 worms (D:2)
  2 dart slugs
  4 leopard geckos
  6 orcs
  3 ball pythons
  3 giant cockroaches
  10 goblins
  10 hobgoblins
  A quokka (D:5)
  8 bats
  8 frilled lizards
  A hobgoblin zombie (Ossuary)
  5 kobolds
  2 kobold zombies (Ossuary)
  An orc skeleton (Ossuary)
  3 orc zombies (Ossuary)
  6 rats
91 creatures vanquished.

Notes
Turn   | Place    | Note
-------+----------+-------------------------------------------
     0 | D:1      | Hasart the Formicid Fighter began the quest for the Orb.
     0 | D:1      | Reached XP level 1. HP: 18/18 MP: 1/1
    17 | D:1      | Reached XP level 2. HP: 24/24 MP: 2/2
   337 | D:1      | Reached XP level 3. HP: 27/29 MP: 3/3
  1229 | D:2      | Reached XP level 4. HP: 37/37 MP: 4/4
  1407 | D:3      | Found an iron altar of Okawaru.
  1416 | D:3      | Became a worshipper of Warmaster Okawaru
  1837 | D:3      | Reached XP level 5. HP: 29/42 MP: 5/5
  2731 | D:4      | Got a coiled platinum ring
  2732 | D:4      | Identified the ring "Joaj" {rF+ Int+3 Dex+7} (You found it
                  | on level 4 of the Dungeon)
  3034 | D:5      | Entered Level 5 of the Dungeon
  3053 | D:5      | Reached XP level 6. HP: 39/48 MP: 6/6
  3098 | D:5      | Found a hazy altar of Hepliaklqana.
  3380 | D:5      | Found a sand-covered staircase.
  3389 | Ossuary  | Entered an ossuary
  3616 | Ossuary  | Noticed a flying skull
  3616 | Ossuary  | Noticed a wraith
  3627 | Ossuary  | Noticed a flying skull
  3715 | Ossuary  | Noticed a flying skull
  3720 | Ossuary  | Noticed a wraith
  3735 | Ossuary  | Killed a wraith
  3735 | Ossuary  | Reached * piety under Okawaru
  3735 | Ossuary  | Reached skill level 5 in Shields
  3735 | Ossuary  | Reached XP level 7. HP: 41/55 MP: 7/7
  3836 | Ossuary  | Noticed a flying skull
  3849 | Ossuary  | Reached skill level 5 in Axes
  3858 | Ossuary  | Noticed a flying skull
  3864 | Ossuary  | Noticed a wraith
  3880 | Ossuary  | HP: 2/55 [wraith (1)]
  3886 | Ossuary  | Mangled by a wraith

Levels and vault maps discovered:
D:1:      nzn_arrival_crosshair, layout_rooms, chequers_garden
D:2:      layout_basic
D:3:      layout_loops_ring, okawaru_metal_pillars_1_2
D:4:      layout_basic
D:5:      layout_gridville, old_standard_altar, first_ration,
          nicolae_ossuary_entry_monument, grunt_decor_arrowhead,
          lemuel_altar_in_water
Ossuary:  ossuary_due_cavern

Skill      XL: |  1  2  3  4  5  6  7 |
---------------+----------------------+-----
Shields        | 4 5 |  5.3
Axes           | 3 4 5 |  5.0
Fighting       | 4 |  4.9
Armour         | 4 |  4.8

Action                   |  1- 3 |  4- 6 |  7- 9 || total
-------------------------+-------+-------+-------++-------
Melee: War axe           |   130 |   207 |    33 ||   370
  Use: Potion            |       |       |     1 ||     1
  Eat: Chunk             |     1 |     7 |       ||     8
       Ration            |       |       |     1 ||     1
Armor: Scale mail        |    88 |    80 |     7 ||   175
Dodge: Dodged            |    58 |    73 |     8 ||   139
Block: Shield            |    82 |   109 |    14 ||   205

Table legend:
 A = Non-vault XP
 B = Vault XP
 C = Vault XP percentage of total XP
 D = Non-vault monster count
 E = Vault monster count
 F = Vault count percentage of total count
                 A         B        C        D         E       F
            +---------+---------+-------+---------+---------+-------
      Total |     336 |     397 |  54.2 |      78 |      13 |  14.3
            +---------+---------+-------+---------+---------+-------
        D:1 |      43 |       0 |   0.0 |      26 |       0 |   0.0
        D:2 |      43 |       0 |   0.0 |      14 |       0 |   0.0
        D:3 |     156 |       0 |   0.0 |      28 |       0 |   0.0
        D:4 |       3 |       0 |   0.0 |       1 |       0 |   0.0
        D:5 |      91 |       0 |   0.0 |       9 |       0 |   0.0
    Ossuary |       0 |     397 | 100.0 |       0 |      13 | 100.0
            +---------+---------+-------+---------+---------+-------
